Map: Yellowjacket

Players

Ekelpack

  • Race: Zerg Zerg
  • Spawn Location: 1:00

Nyck

  • Race: Terran Terran
  • Spawn Location: 3:00

Darkwolf - Winner!

  • Race: Protoss Protoss
  • League: Platinum
  • Spawn Location: 9:00

Laser - Winner!

  • Race: Zerg Zerg
  • Spawn Location: 7:00

VOD

Have the link to the VOD?

Description

Time

  • Played on: Dec. 18, 2024, 12:23 p.m.
  • Length: 11:56
Show
View Real Time Build Order
Export as new Build Order

Ekelpack Zerg 

Build Orders: Hatch First 

Get SALT Encoding   

  12  0:00  Drone  
  13  0:12  Overlord  
  13  0:19  Drone  
  14  0:31  Drone  
  15  0:46  Drone  
  15  0:47  Hatchery  
  15  1:02  Spawning Pool  
  14  1:04  Drone  
  14  1:07  Extractor  
  14  1:10  Drone  
  15  1:14  Drone  
  15  1:18  Drone  
  17  1:27  Drone  
  19  1:40  Drone  
  19  1:53  Queen  
  21  2:00  Queen  
  23  2:06  Drone x2  
  25  2:15  Overlord  
  25  2:17  Drone  
  25  2:18  Drone  
  27  2:24  Drone  
  28  2:30  Lair  
  28  2:39  Drone  
  28  2:43  Drone x2  
  28  2:44  Drone  
  32  2:46  Extractor  
  32  2:47  Drone  
  32  2:50  Extractor  
  31  2:52  Metabolic Boost  
  31  2:55  Drone  
  31  2:58  Zergling x2  
  33  3:07  Overlord  
  33  3:14  Drone x3  
  33  3:17  Overlord  
  36  3:40  Spire  
  35  3:43  Drone x3  
  35  3:46  Extractor  
  35  3:48  Drone x2  
  38  3:49  Overlord  
  39  3:56  Drone  
  40  4:05  Drone x3  
  40  4:09  Zergling x8  
  47  4:13  Drone  
  48  4:20  Overlord  
  48  4:26  Drone  
  49  4:32  Drone  
  50  4:40  Overlord  
  50  4:41  Overlord  
  50  4:53  Mutalisk  
  50  4:54  Mutalisk x4  
  50  4:58  Mutalisk  
  62  5:00  Mutalisk  
  62  5:05  Mutalisk  
  66  5:09  Zerg Flyer Weapons Level 1  
  55  5:38  Mutalisk x3  
  55  5:39  Mutalisk x2  
  55  5:40  Zergling x6  
  64  5:49  Queen  
  59  5:52  Drone x4  
  65  6:04  Drone x2  
  65  6:07  Drone  
  65  6:08  Drone x3  
  71  6:16  Drone  
  70  6:31  Overlord  
  70  6:32  Drone x3, Overlord  
  71  6:33  Drone  
  72  6:57  Infestation Pit  
  72  6:58  Drone  
  72  7:03  Zergling x6  
  72  7:04  Zergling x8  
  79  7:09  Evolution Chamber  
  79  7:10  Drone  
  79  7:11  Evolution Chamber  
  79  7:14  Zerg Flyer Weapons Level 2  
  78  7:19  Hydralisk Den  
  77  7:28  Pneumatized Carapace  
  77  7:36  Zerg Missile Weapons Level 1  
  77  7:37  Zerg Ground Armor Level 1  
  77  7:50  Hydralisk x3  
  77  7:51  Hydralisk x4  
  83  7:52  Grooved Spines  
  83  7:54  Overlord x3  
  91  8:00  Overlord  
  91  8:01  Overlord  
  75  8:31  Hydralisk x3  
  75  8:32  Hydralisk x4  
  85  8:42  Muscular Augments  
  85  9:04  Hatchery  
  85  9:07  Drone, Hydralisk x6  
  85  9:08  Hydralisk x2  
  101  9:20  Hydralisk x4  
  109  9:35  Zerg Missile Weapons Level 2, Zerg Ground Armor Level 2  
  104  10:02  Zergling x8  
  104  10:03  Zergling x12  
  104  10:04  Zergling x2  
  115  10:18  Drone  
  115  10:19  Drone x4  
  120  10:23  Hive  
  120  10:33  Extractor  
  120  10:35  Extractor  
  118  10:39  Drone x2  
  120  10:43  Drone x3, Overlord x2  
  120  10:44  Overlord  
  121  11:13  Hydralisk x2  
  121  11:14  Hydralisk x5  
  121  11:15  Overlord, Hydralisk x4  
Show
View Real Time Build Order
Export as new Build Order

Nyck Terran 

Build Orders:  

Get SALT Encoding   

  12  0:00  SCV  
  13  0:12  SCV  
  14  0:20  Supply Depot  
  14  0:26  SCV  
  15  0:41  SCV  
  16  0:44  Barracks  
  16  0:48  Refinery  
  16  1:02  SCV  
  17  1:09  Refinery  
  17  1:12  Barracks  
  17  1:16  SCV  
  18  1:28  Supply Depot  
  18  1:30  SCV  
  19  1:36  Barracks Tech Lab  
  19  1:47  Orbital Command  
  19  1:56  Marauder  
  21  2:02  Barracks Tech Lab  
  21  2:12  SCV  
  22  2:40  Command Center  
  22  2:43  Marauder  
  24  2:48  Marauder  
  26  2:58  Factory  
  26  3:06  SCV  
  26  3:08  Concussive Shells  
  26  3:12  Marauder  
  27  3:28  Marauder  
  28  3:42  Marauder  
  28  3:43  SCV  
  28  3:47  Starport  
  31  3:49  Factory Tech Lab  
  31  4:01  Supply Depot  
  31  4:09  SCV  
  32  4:14  Orbital Command  
  32  4:26  Marine x2  
  32  4:29  Supply Depot  
  34  4:34  Fusion Core  
  34  4:44  SCV  
  34  4:45  Refinery  
  35  4:46  SCV  
  36  4:57  SCV  
  37  5:03  Supply Depot  
  37  5:08  Marine x2, Refinery  
  37  5:10  SCV  
  37  5:11  SCV  
  26  5:31  SCV  
  27  5:42  Orbital Command  
  27  5:43  SCV  
  27  5:46  Battlecruiser  
  27  5:48  Starport  
  34  5:54  Factory Tech Lab  
  34  5:55  SCV  
  35  6:07  SCV  
  35  6:10  SCV  
  37  6:18  Weapon Refit  
  37  6:19  SCV  
  37  6:22  SCV  
  39  6:31  SCV  
  40  6:34  SCV  
  41  6:44  SCV  
  41  6:46  SCV  
  43  6:56  SCV, Battlecruiser  
  43  6:58  SCV  
  51  7:04  Marine x2  
  53  7:20  Supply Depot  
  53  7:21  Marine, Command Center  
  53  7:22  Marine  
  58  7:23  Battlecruiser  
  58  7:24  SCV  
  58  7:25  SCV  
  63  7:39  Armory  
  63  7:43  Supply Depot, SCV  
  63  7:44  SCV  
  65  7:45  Marine x2  
  67  8:03  SCV x2  
  69  8:14  Supply Depot  
  69  8:15  SCV x2  
  71  8:26  Armory  
  71  8:27  SCV x2  
  71  8:29  Terran Vehicle And Ship Armor Level 1  
  71  8:34  Battlecruiser  
  79  8:38  Marine x2  
  81  8:43  Battlecruiser  
  81  8:45  SCV x2  
  89  8:57  SCV x2  
  89  9:00  Command Center  
  89  9:02  Supply Depot  
  91  9:27  Terran Ship Weapons Level 1  
  91  9:29  Supply Depot  
  91  9:36  Orbital Command  
  91  9:39  SCV x2  
  91  9:43  Battlecruiser  
  99  10:09  Battlecruiser  
  105  10:18  Marine x2  
  107  10:31  SCV  
  107  10:32  SCV x2  
  110  10:37  Refinery  
  110  10:39  Refinery  
  110  10:44  SCV x3  
  110  10:47  Orbital Command, Battlecruiser  
  119  10:56  SCV x3  
Show
View Real Time Build Order
Export as new Build Order

Darkwolf Protoss - Winner!

Build Orders:  

Get SALT Encoding   

  12  0:01  Probe  
  13  0:13  Probe  
  14  0:25  Pylon, Probe  
  15  0:43  Probe  
  16  0:51  Gateway  
  16  0:55  Probe  
  17  1:07  Probe  
  18  1:18  Assimilator  
  18  1:19  Probe  
  18  1:21  Assimilator  
  19  1:31  Probe  
  20  1:42  Cybernetics Core  
  20  1:43  Probe  
  21  1:56  Probe  
  22  2:08  Probe  
  23  2:28  Warp Gate, Pylon  
  23  2:30  Shield Battery  
  23  2:43  Stalker  
  23  2:44  Nexus  
  23  2:45  Pylon  
  23  2:46  Probe  
  27  2:58  Probe  
  27  3:10  Probe, Stargate  
  28  3:13  Shield Battery  
  28  3:16  Assimilator  
  28  3:22  Stalker, Probe  
  31  3:34  Probe  
  31  3:38  Stargate  
  32  3:41  Stalker  
  32  3:46  Probe  
  35  3:59  Probe  
  36  4:05  Void Ray  
  40  4:11  Probe  
  40  4:16  Probe  
  42  4:23  Probe  
  43  4:28  Probe  
  48  4:35  Void Ray  
  48  4:36  Stalker  
  50  4:41  Shield Battery  
  50  4:43  Probe  
  51  4:49  Probe  
  52  4:55  Probe  
  52  4:58  Shield Battery  
  53  5:01  Probe  
  53  5:07  Protoss Air Weapons Level 1  
  53  5:11  Pylon  
  53  5:29  Phoenix x2  
  53  5:35  Pylon  
  57  5:37  Shield Battery  
  57  5:43  Forge  
  57  5:48  Stalker  
  59  5:51  Shield Battery  
  59  5:52  Probe  
  59  5:53  Probe  
  59  5:54  Phoenix  
  59  5:55  Assimilator  
  63  6:03  Phoenix  
  65  6:04  Probe  
  65  6:06  Probe  
  67  6:12  Stalker  
  67  6:16  Probe  
  67  6:18  Photon Cannon  
  70  6:22  Photon Cannon  
  68  6:37  Photon Cannon  
  68  6:38  Shield Battery  
  68  6:40  Phoenix  
  68  6:45  Pylon  
  70  6:55  Pylon  
  70  6:57  Shield Battery  
  70  7:03  Probe x2, Phoenix  
  70  7:04  Pylon  
  74  7:14  Fleet Beacon  
  74  7:17  Photon Cannon  
  74  7:19  Shield Battery, Probe  
  74  7:20  Probe  
  76  7:24  Protoss Air Armor Level 1  
  80  7:35  Void Ray, Probe  
  80  7:36  Probe  
  82  8:07  Nexus  
  82  8:09  Pylon  
  82  8:34  Carrier  
  82  8:35  Carrier  
  82  8:40  Photon Cannon  
  94  8:43  Shield Battery, Photon Cannon  
  94  8:46  Shield Battery  
  94  8:48  Pylon  
  94  8:50  Stalker  
  94  8:51  Assimilator  
  96  8:57  Anion Pulse-Crystals  
  96  9:04  Stargate  
  96  9:05  Pylon  
  96  9:06  Photon Cannon  
  96  9:16  Probe x2  
  98  9:28  Probe x2  
  100  9:40  Probe x2  
  103  9:52  Probe  
  103  10:05  Carrier x2  
  115  10:10  Photon Cannon  
  115  10:12  Photon Cannon  
  115  10:13  Shield Battery  
  115  10:15  Carrier  
  115  10:18  Stalker  
  123  10:23  Gateway  
  123  10:24  Shield Battery  
  123  10:26  Assimilator, Probe x3  
  126  10:38  Probe x3  
  129  10:50  Probe x2  
  131  10:59  Gateway  
  131  11:00  Shield Battery  
  131  11:06  Stalker  
  133  11:18  Shield Battery  
  133  11:20  Pylon  
Show
View Real Time Build Order
Export as new Build Order

Laser Zerg - Winner!

Build Orders: Hatch First, Lurkers 

Get SALT Encoding   

  12  0:00  Drone  
  13  0:14  Overlord  
  13  0:18  Drone  
  14  0:33  Drone x2  
  16  0:44  Drone  
  17  0:57  Drone  
  18  1:07  Hatchery  
  18  1:11  Extractor  
  16  1:16  Drone x2  
  18  1:20  Spawning Pool  
  18  1:22  Drone  
  18  1:34  Drone  
  19  1:51  Drone  
  20  2:02  Overlord  
  20  2:20  Metabolic Boost  
  20  2:21  Queen x2  
  24  2:26  Zergling x6  
  24  2:28  Drone  
  28  2:32  Zergling x2  
  29  2:45  Drone x2  
  29  2:51  Drone  
  32  2:56  Drone  
  33  3:02  Drone  
  33  3:03  Drone  
  35  3:12  Hatchery  
  32  3:33  Zergling x2  
  32  3:34  Zergling x4  
  34  3:35  Drone  
  34  3:38  Overlord x3  
  35  3:58  Zergling x10  
  40  4:06  Zergling x2  
  41  4:10  Drone x2  
  41  4:14  Extractor  
  42  4:17  Zergling x4  
  42  4:18  Zergling x8  
  42  4:20  Baneling Nest  
  47  4:25  Drone  
  48  4:33  Zergling x4  
  50  4:40  Zergling x4  
  50  4:41  Zergling x2  
  53  4:49  Drone x2  
  54  5:16  Drone  
  54  5:17  Drone x9  
  54  5:20  Baneling  
  54  5:21  Baneling x5  
  62  5:23  Baneling  
  47  5:48  Queen  
  47  5:49  Spore Crawler  
  45  5:51  Lair  
  45  5:52  Spore Crawler  
  45  5:54  Spore Crawler x2  
  42  5:59  Zergling x2  
  42  6:00  Zergling x20, Extractor  
  42  6:01  Overlord  
  52  6:08  Spore Crawler  
  52  6:10  Spore Crawler  
  50  6:15  Drone  
  50  6:16  Drone x2  
  53  6:22  Spore Crawler x2  
  53  6:25  Spore Crawler  
  50  6:26  Evolution Chamber  
  50  6:27  Evolution Chamber  
  50  6:32  Drone x2  
  50  6:33  Drone x8  
  58  6:44  Drone  
  58  6:45  Drone x2  
  59  6:53  Drone  
  60  7:01  Extractor  
  60  7:03  Drone x2  
  60  7:04  Drone  
  60  7:06  Overlord x2  
  62  7:14  Drone  
  63  7:17  Drone x3  
  63  7:18  Drone  
  63  7:19  Drone x2  
  69  7:32  Overlord x3  
  69  7:36  Zerg Ground Armor Level 1, Zerg Missile Weapons Level 1  
  68  7:38  Hydralisk Den, Zergling x2  
  68  7:39  Zergling x16  
  76  7:51  Extractor  
  76  7:53  Extractor  
  76  7:55  Drone x5  
  78  8:13  Zergling x2  
  78  8:14  Zergling x8  
  78  8:17  Grooved Spines  
  83  8:22  Infestation Pit  
  83  8:23  Lurker Den  
  80  8:37  Hydralisk x7  
  94  9:07  Muscular Augments  
  82  9:26  Hydralisk  
  82  9:27  Hydralisk x14  
  82  9:31  Lurker  
  113  9:34  Overlord x2  
  113  9:35  Overlord  
  113  10:14  Hydralisk  
  113  10:15  Hatchery, Hydralisk x11  
  113  10:18  Lurker  
  113  10:20  Overlord x5  
  137  10:39  Lurker x6  
  143  11:14  Infestor x3  
Tags
 
Add a new tag
Caveats
  • Supply blocks, unpowered buildings, or Contaminate may cause inaccurate times.
  • Supply counts are checked every 10 seconds.